 Dungeon Crawl Stone Soup version 0.20.0-9-g8272e65 (webtiles) character file.

215 JarielCorvus the Magician (level 5, 0/28 HPs)
             Began as a Deep Elf Wizard on June 2, 2017.
             Slain by a worker ant (2 damage)
             ... on level 4 of the Dungeon.
             The game lasted 00:14:25 (3476 turns).

JarielCorvus the Magician (Deep Elf Wizard)         Turns: 3476, Time: 00:14:25

Health: 0/28       AC:  4    Str:  4    XL:     5   Next: 60%
Magic:  7/16       EV: 13    Int: 24    God:
Gold:   158        SH:  0    Dex: 13    Spells: 7/18 levels left

rFire    . . .     SeeInvis .   m - +0 dagger
rCold    . . .     Gourm    .   (no shield)
rNeg     . . .     Faith    .   a - +1 robe
rPois    .         Spirit   .   b - +0 hat
rElec    .         Reflect  .   g - +0 cloak
rCorr    .         Harm     .   (no gloves)
MR       .....                  (no boots)
Stlth    ++........             (no amulet)
Regen    0.1/turn               (no ring)
MPRegen  0.2/turn               (no ring)

@: lethally poisoned (0 -> -3), very slightly contaminated
A: no striking features
a: no special abilities


You were on level 4 of the Dungeon.
You were near starving.

You visited 1 branch of the dungeon, and saw 4 of its levels.

You collected 158 gold pieces.

Inventory:

Hand Weapons
 m - a +0 dagger (weapon)
Armour
 a - a +1 robe (worn)
 b - a +0 hat (worn)
 g - a +0 cloak (worn)
 j - a scarf of cloud immunity
 r - a +0 buckler
Jewellery
 v - an uncursed amulet of rage {unknown}
 y - a +3 amulet of reflection {unknown}
Scrolls
 i - a scroll of noise
 l - a scroll of teleportation
 n - 6 scrolls of remove curse
 p - 4 scrolls of identify
 s - 2 scrolls of amnesia
 w - a scroll of enchant armour
 x - a scroll of magic mapping {unknown}
Potions
 h - a potion of berserk rage
 k - 3 potions of haste {unknown}
 q - 3 potions of curing {unknown}
 t - a potion of cancellation
 u - a potion of lignification {unknown}
Books
 c - a book of Minor Magic

   Spells                             Type                      Level
   a - Magic Dart                     Conjuration                  1
   b - Blink                          Translocation                2
   c - Call Imp                       Summoning                    2
   d - Slow                           Hexes                        2
   e - Conjure Flame                  Conjuration/Fire             3
   f - Mephitic Cloud                 Conjuration/Poison/Air       3
Comestibles
 d - 2 bread rations
 f - a royal jelly
 o - 2 meat rations


   Skills:
 - Level 2.4 Dodging
 - Level 2.4 Stealth
 * Level 7.4 Spellcasting
 + Level 3.7 Conjurations
 - Level 1.1 Summonings
 - Level 1.1 Translocations


You had 7 spell levels left.
You knew the following spells:

 Your Spells              Type           Power        Failure   Level  Hunger
a - Magic Dart            Conj           ####         1%          1    None
b - Blink                 Tloc           N/A          7%          2    None
c - Call Imp              Summ           ##......     7%          2    None
d - Conjure Flame         Conj/Fire      ###.....     10%         3    None
e - Mephitic Cloud        Conj/Pois/Air  ##......     12%         3    None


Dungeon Overview and Level Annotations

Branches:
Dungeon (4/15)             Temple (0/1) D:4

Altars:
Ashenzari
Sif Muna


Message History

Press: ? - help, Shift-Dir - straight line, f/p - worker ant
Aim: a worker ant (moderately wounded)
The magic dart hits the worker ant.
The worker ant is moderately wounded.
The worker ant waves its antennae.
The worker ant bites you.
* * * LOW HITPOINT WARNING * * *
* * * LOW HITPOINT WARNING * * *
You feel sick. The gnoll closely misses you.
* * * LOW HITPOINT WARNING * * *
You feel sick.
* * * LOW HITPOINT WARNING * * *
You feel sick. The worker ant bites you.
* * * LOW HITPOINT WARNING * * *
* * * LOW HITPOINT WARNING * * *
You feel sick.
You are near starving!
* * * LOW HITPOINT WARNING * * *
You feel sick. The worker ant bites you.
You die...

..#..###...##.......####
........................
..#.#.#..###############
..#.....## ..#.#.#...#
..........# #.#.#.#.#.#
..........# .....##@###
.....#.a## ....>....#
...#####g## . #.g# ##.##
#s.# ###.# #...#######


You could see a scorpion, a worker ant and 2 gnolls.

Vanquished Creatures
  A crimson imp (D:4)
  A bullfrog skeleton (D:4)
  A hound skeleton (D:4)
  A gnoll (D:4)
  4 adders
  4 dart slugs
  A worm (D:3)
  5 leopard geckos
  2 orcs (D:3)
  2 giant cockroaches (D:3)
  8 goblins
  6 hobgoblins
  6 jackals (D:2)
  11 bats
  5 frilled lizards
  13 kobolds
  8 rats
79 creatures vanquished.

Vanquished Creatures (others)
  A jackal skeleton (D:4)
1 creature vanquished.

Grand Total: 80 creatures vanquished

Notes
Turn   | Place    | Note
-------+----------+-------------------------------------------
     0 | D:1      | JarielCorvus the Deep Elf Wizard began the quest for the Orb.
     0 | D:1      | Reached XP level 1. HP: 10/10 MP: 7/7
   197 | D:1      | Reached XP level 2. HP: 15/15 MP: 4/9
   242 | D:1      | Learned a level 2 spell: Blink
   245 | D:1      | Learned a level 2 spell: Call Imp
   255 | D:1      | Reached skill level 5 in Spellcasting
   851 | D:1      | Reached XP level 3. HP: 19/19 MP: 7/12
  1226 | D:1      | Learned a level 3 spell: Conjure Flame
  1230 | D:1      | Learned a level 3 spell: Mephitic Cloud
  1264 | D:2      | Found a deep blue altar of Sif Muna.
  1564 | D:2      | Found a shattered altar of Ashenzari.
  1576 | D:2      | Reached skill level 6 in Spellcasting
  1617 | D:2      | Reached XP level 4. HP: 24/24 MP: 4/14
  3253 | D:4      | Reached XP level 5. HP: 6/28 MP: 5/16
  3307 | D:4      | Reached skill level 7 in Spellcasting
  3458 | D:4      | Found a staircase to the Ecumenical Temple.
  3476 | D:4      | Slain by a worker ant

Skill      XL: |  1  2  3  4  5 |
---------------+----------------+-----
Spellcasting   | 5 6 7 |  7.4
Conjurations   | 2 3 |  3.7
Dodging        | |  2.4
Stealth        | |  2.4
Summonings     | |  1.1
Translocations | |  1.1

Action                   |  1- 3 |  4- 6 || total
-------------------------+-------+-------++-------
 Cast: Magic Dart        |    85 |    92 ||   177
       Conjure Flame     |       |     1 ||     1
  Use: Scroll            |     7 |     2 ||     9
       Potion            |     4 |       ||     4
  Eat: Chunk             |     1 |     5 ||     6
Armor: Robe              |     6 |     2 ||     8
Dodge: Dodged            |     4 |    23 ||    27
